 Dungeon Crawl Stone Soup version 0.29-a0-911-g88e6f02907 (webtiles) character file.

Game seed: 10142778380870163362

1531 gelatine the Magician (level 8, -1/51 HPs)
             Began as an Octopode Fire Elementalist on July 25, 2022.
             Slain by an iguana (10 damage)
             ... on level 6 of the Dungeon on July 26, 2022.
             The game lasted 00:19:41 (7499 turns).

gelatine the Magician (Octopode Fire Elementalist)  Turns: 7499, Time: 00:19:42

Health: -1/51      AC:  1    Str:  7    XL:     8   Next: 85%
Magic:  13/25      EV: 13    Int: 19    God:
Gold:   295        SH:  0    Dex: 13    Spells: 11/18 levels left

rFire   . . .      SeeInvis .   i - +2 whip of Usianegh {vorpal, rPois rCorr Stlth+}
rCold   . . .      Faith    .   (no shield)
rNeg    + . .      Spirit   .   (helmet restricted)
rPois   +          Reflect  .   t - macabre finger necklace {rN+}
rElec   .          Harm     .   q - ring of willpower
rCorr   +          Rampage  .   w - ring of magical power
Will    +....                   z - ring of wizardry
Stlth   +++++.....              (no ring)
HPRegen 0.17/turn               (no ring)
MPRegen 0.19/turn               (no ring)
                                (no ring)
                                (no ring)
                                (no ring)

@: no status effects
A: almost no armour, amphibious, 8 rings, camouflage 1, gelatinous body 1,
(nimble swimmer 1), tentacles
a: no special abilities


You were on level 6 of the Dungeon.
You visited 1 branch of the dungeon, and saw 6 of its levels.

You collected 295 gold pieces.

Inventory:

Hand Weapons
 i - the +2 whip of Usianegh (weapon) {vorpal, rPois rCorr Stlth+}
   (You found it on level 2 of the Dungeon)

   It inflicts extra damage upon your enemies.
   rPois:     It protects you from poison.
   rCorr:     It protects you from acid and corrosion.
   Stlth:     It makes you more stealthy.
 s - a +1 hand axe of venom
 x - a +3 halberd
 E - a +0 trident of flaming
 I - a +2 flail of protection
Armour
 A - an orb of energy
Jewellery
 q - a ring of willpower (left tentacle)
 t - the macabre finger necklace (around mantle) {rN+}
   (You found it on level 4 of the Dungeon)

   [amulet of nothing]

   It enables you to equip an extra ring.
   rN:        It protects you from negative energy.
 w - a ring of magical power (right tentacle)
 z - a ring of wizardry (on tentacle)
 C - an amulet of faith
Wands
 y - a wand of iceblast (8)
 B - a wand of polymorph (7)
 F - a wand of flame (25)
Scrolls
 d - 3 scrolls of fear {unknown}
 f - a scroll of enchant armour {unknown}
 g - 2 scrolls of enchant weapon {unknown}
 h - a scroll of teleportation
 j - a scroll of noise {unknown}
 k - 2 scrolls of torment {unknown}
 n - 2 scrolls of blinking {unknown}
 p - a scroll of amnesia {unknown}
 r - a scroll of magic mapping {unknown}
 D - a scroll of identify
 G - a scroll of immolation {unknown}
Potions
 a - a potion of ambrosia
 b - a potion of invisibility
 c - a potion of heal wounds
 e - 2 potions of brilliance {unknown}
 l - 3 potions of might
 m - 2 potions of flight {unknown}
 o - 3 potions of mutation {unknown}
 u - 2 potions of magic
 v - 2 potions of curing {unknown}
 H - 2 potions of cancellation {unknown}


   Skills:
 * Level 2.6 Fighting
 + Level 0.7 Maces & Flails
 + Level 3.0 Dodging
 + Level 4.5 Stealth
 + Level 1.7 Unarmed Combat
 + Level 5.8 Spellcasting
 + Level 4.1 Conjurations
 + Level 0.9 Transmutations
 + Level 5.7 Fire Magic
 + Level 0.9 Poison Magic
 * Level 2.8 Evocations


You had 11 spell levels left.
You knew the following spells:

 Your Spells              Type           Power      Damage    Failure   Level
a - Foxfire               Conj/Fire      96%        2x1d8     1%          1
b - Scorch                Fire           54%        2d8       1%          2
c - Conjure Flame         Conj/Fire      24%        6-21      1%          3
d - Sting                 Tmut/Pois      36%        1d4       3%          1

Your spell library contained the following spells:

 Spells                   Type           Power      Damage    Failure   Level
 Slow                     Hex            20%        N/A       4%          1
 Inner Flame              Hex/Fire       16%        N/A       4%          3
 Passwall                 Tmut/Erth      5%         N/A       6%          2
 Poisonous Vapours        Pois/Air       14%        N/A       6%          2
 Flame Wave               Conj/Fire      24%        2d7       6%          4
 Ensorcelled Hibernation  Hex/Ice        10%        N/A       7%          2
 Confusing Touch          Hex            5%         N/A       14%         3
 Frozen Ramparts          Ice            10%        1d3       14%         3
 Gell's Gravitas          Tloc           5%         N/A       14%         3
 Swiftness                Air            5%         N/A       14%         3
 Teleport Other           Tloc           5%         N/A       14%         3
 Vampiric Draining        Necr           5%         2d6       14%         3
 Olgreb's Toxic Radiance  Pois           9%         N/A       30%         4
 Ice Form                 Ice/Tmut       7%         N/A       34%         4
 Summon Ice Beast         Ice/Summ       5%         N/A       41%         4
 Dispersal                Tloc           2%         N/A       99%         6


Dungeon Overview and Level Annotations

Branches:
Dungeon (6/15)             Temple (0/1) D:5

Altars:
Kikubaaqudgha
Ru
Xom

Shops:
D:1 *


Innate Abilities, Weirdness & Mutations

You cannot wear most types of armour.
You are amphibious.
You can wear up to eight rings at the same time.
Your skin changes colour to match your surroundings (Stealth+).
Your rubbery body absorbs attacks. (AC +1, EV +1)
((You are camouflaged when in or above water. (Stealth+)))
You have tentacles for arms and can constrict up to eight enemies at once.


Message History

Confirm with . or Enter, or press ? or * to list all spells.
Flames lash the steam dragon.
The steam dragon is moderately wounded.
The steam dragon's fire resistance burns away.
The steam dragon misses you. The steam dragon claws you.
* * * LOW HITPOINT WARNING * * *
You feel much better. The steam dragon closely misses you.
The steam dragon claws you.
Casting: Scorch (safe; 1% risk of failure)
Confirm with . or Enter, or press ? or * to list all spells.
Flames lash the steam dragon.
The steam dragon is burned terribly!
The steam dragon is almost dead.
The steam dragon bites you. The steam dragon claws you.
A phantom comes into view.
Casting: Scorch (safe; 1% risk of failure)
Confirm with . or Enter, or press ? or * to list all spells.
Flames lash the iguana.
The iguana is severely wounded.
The iguana's fire resistance burns away.
The steam dragon bites you. The steam dragon barely misses you.
The iguana bites you but does no damage.
Casting: Scorch (safe; 1% risk of failure)
Confirm with . or Enter, or press ? or * to list all spells.
Flames lash the steam dragon.
The steam dragon is burned terribly!
You kill the steam dragon!
The iguana bites you.
Your Dodging skill increases to level 3!
Casting: Scorch (safe; 1% risk of failure)
Confirm with . or Enter, or press ? or * to list all spells.
Flames lash the phantom.
The phantom is moderately damaged.
The phantom's fire resistance burns away.
The iguana bites you!
* * * LOW HITPOINT WARNING * * *
Casting: Scorch (safe; 1% risk of failure)
Confirm with . or Enter, or press ? or * to list all spells.
Flames lash the phantom.
The phantom is burned terribly!
The phantom is moderately damaged.
The iguana bites you!
You die...

. .. ##. ..## #.. ...
####.## ..##### ....#.
#.....# #...#. #.....#
#..... #.lW..#
####..... #@†..#
#......#. #....#
#..###..#. #.######..#
##.[.. #.#
#...####...##
#.####............
##......####..###.
#.<....####.## ##
≈........##......# ##
≈..§.#..#######....##.


You could see a phantom (combustible) and an iguana (combustible).

Vanquished Creatures
  Sigmund (D:2)
  A steam dragon (D:6)
  Edmund (D:6)
  A water moccasin (D:5)
  2 ogres (D:5)
  An ice beast (D:5)
  Blork the orc (D:5)
  4 scorpions
  3 hounds (D:5)
  An orc priest (D:5)
  An iguana (D:5)
  5 orc wizards
  4 gnolls (D:5)
  7 adders
  2 shadow imps (D:5)
  A white imp (D:6)
  A dart slug (D:1)
  7 orcs
  5 ball pythons
  5 bats
  10 endoplasms
  3 giant cockroaches
  8 goblins
  6 jackals
  4 quokkas
  2 frilled lizards
  5 kobolds
  4 rats
96 creatures vanquished.

Vanquished Creatures (others)
  346 foxfires
  13 plants (D:5)
359 creatures vanquished.

Grand Total: 455 creatures vanquished

Notes
Turn   | Place    | Note
-------+----------+-------------------------------------------
     0 | D:1      | gelatine the Octopode Fire Elementalist began the quest for
                  | the Orb.
     0 | D:1      | Reached XP level 1. HP: 11/11 MP: 3/3
   192 | D:1      | Reached XP level 2. HP: 17/17 MP: 0/5
   318 | D:1      | Found Gemiynn's General Store.
  1091 | D:1      | Reached XP level 3. HP: 10/21 MP: 6/6
  1269 | D:1      | Learned a level 2 spell: Scorch
  1799 | D:2      | Found a faded altar of an unknown god.
  1799 | D:2      | Noticed Sigmund
  1814 | D:2      | Killed Sigmund
  1815 | D:2      | Reached skill level 1 in Unarmed Combat
  1815 | D:2      | Reached XP level 4. HP: 13/27 MP: 1/9
  1815 | D:2      | Reached XP level 5. HP: 15/31 MP: 1/10
  2384 | D:2      | Identified the +2 whip of Usianegh {vorpal, rPois rCorr
                  | Stlth+}
  2662 | D:3      | Reached XP level 6. HP: 36/36 MP: 1/11
  2874 | D:3      | Learned a level 3 spell: Conjure Flame
  3312 | D:3      | Found a sacrificial altar of Ru.
  3482 | D:3      | You fall into a shaft and drop 1 floor!
  3546 | D:3      | Found an ancient bone altar of Kikubaaqudgha.
  4092 | D:4      | Found the macabre finger necklace {rN+}
  4788 | D:4      | Found a shimmering altar of Xom.
  5054 | D:5      | Entered Level 5 of the Dungeon
  5100 | D:5      | Noticed Blork the orc
  5111 | D:5      | Killed Blork the orc
  5112 | D:5      | Reached XP level 7. HP: 42/42 MP: 4/13
  5342 | D:5      | Learned a level 1 spell: Sting
  5386 | D:5      | Found a staircase to the Ecumenical Temple.
  5516 | D:5      | Reached skill level 5 in Fire Magic
  5777 | D:5      | Reached skill level 5 in Spellcasting
  6035 | D:5      | Reached skill level 1 in Fighting
  6157 | D:5      | Reached XP level 8. HP: 48/48 MP: 15/15
  6374 | D:5      | Reached skill level 1 in Evocations
  7330 | D:6      | Noticed Edmund
  7360 | D:6      | Killed Edmund
  7499 | D:6      | Slain by an iguana

Illustrated notes

Levels and vault maps discovered:
D:1:      amcnicky_arrival_flooded_fountain, layout_basic, serial_shops, shop,
          chequers_avenue, kennysheep_small_spiral, minmay_pentomino_w2
D:2:      layout_basic, chequers_ecumenical_altar_simple, skrybe_limestone_x,
          uniq_sigmund
D:3:      layout_loops_ring, nicolae_ru_sacrificial_ziggurat,
          mainiacjoe_overflow_chevrons
D:4:      layout_basic, lemuel_coloured_pillars_altar
D:5:      layout_gridville, minmay_temple_entry_arrows, serial_bayou_lagoon_a,
          kennysheep_dice, uniq_blork_the_orc
D:6:      cheibrodos_steamvent, layout_rooms, uniq_edmund

Skill      XL: |  1  2  3  4  5  6  7  8 |
---------------+-------------------------+-----
Stealth        | 3 4 |  4.5
Unarmed Combat | 1 |  1.7
Spellcasting   | 3 4 5 |  5.8
Conjurations   | 2 3 4 |  4.1
Fire Magic     | 4 5 |  5.7
Fighting       | 1 2 |  2.6
Evocations     | 2 |  2.8
Dodging        | 3 |  3.0
Maces & Flails | |  0.7
Transmutations | |  0.9
Poison Magic   | |  0.9

Action                   |  1- 3 |  4- 6 |  7- 9 || total
-------------------------+-------+-------+-------++-------
Melee: Unarmed           |    35 |     1 |       ||    36
       Tentacles         |     6 |     3 |     6 ||    15
       Constrict         |    11 |     2 |     6 ||    19
       Whip              |       |     9 |    24 ||    33
 Cast: Foxfire           |    47 |    66 |   102 ||   215
       Scorch            |     4 |     6 |    27 ||    37
       Conjure Flame     |       |     3 |     9 ||    12
       Sting             |       |       |    22 ||    22
  Use: Scroll            |     2 |     2 |     2 ||     6
       Potion            |     1 |       |     5 ||     6
 Stab: Sleeping          |     2 |     2 |     1 ||     5
Armor: Skin              |     6 |     2 |     2 ||    10
Dodge: Dodged            |    34 |     4 |    40 ||    78

Table legend: (Time is in decaauts)
 A = Elapsed time spent in this place.
 B = Non-inter-level travel time spent in this place.
 C = Inter-level travel time spent in this place.
 D = Time resting spent in this place.
 E = Time spent auto-exploring this place.
 F = Levels seen in this place.
 G = Mean time per level.
                   A        B        C        D        E       F      G
               +--------+--------+--------+--------+--------+-----+--------+
         Total |   7500 |   7225 |    275 |    672 |   5556 |   6 | 1250.0 |
       Dungeon |   7500 |   7225 |    275 |    672 |   5556 |   6 | 1250.0 |
               +--------+--------+--------+--------+--------+-----+--------+

Top non-repeatable levels by time:
     D:5: 2177 daAuts
     D:1: 1650 daAuts
     D:4: 1315 daAuts
     D:3: 1085 daAuts
     D:2: 1002 daAuts
     D:6: 268 daAuts
